 Dungeon Crawl Stone Soup version 0.23.2-1-ga50397a6bc (webtiles) character file.

Game seed: 1222373027447567788

33 Foic the Sneak (level 3, -4/18 HPs)
             Began as a Vine Stalker Assassin on May 21, 2019.
             Slain by Jessica
             ... wielding a +0 dagger
              (6 damage)
             ... on level 2 of the Dungeon.
             The game lasted 00:03:36 (966 turns).

Foic the Sneak (Vine Stalker Assassin)               Turns: 966, Time: 00:03:38

Health: -4/18      AC:  3    Str: 13    XL:     3   Next: 29%
Magic:  0/4        EV: 12    Int: 11    God:
Gold:   79         SH:  0    Dex: 16    Spells: 2/2 levels left

rFire    . . .     SeeInvis .   a - +2 dagger
rCold    . . .     Gourm    .   (no shield)
rNeg     . . .     Faith    .   c - +0 robe
rPois    .         Spirit   +   (no helmet)
rElec    .         Reflect  .   d - +0 cloak
rCorr    .         Harm     .   (no gloves)
MR       .....                  (no boots)
Stlth    +++.......             (no amulet)
HPRegen  0.06/turn              (no ring)
MPRegen  0.09/turn              (no ring)

@: no status effects
A: fangs 2, magic shield, antimagic bite, no potion heal 3, rot immunity
a: no special abilities


You were on level 2 of the Dungeon.
You were not hungry.

You visited 1 branch of the dungeon, and saw 2 of its levels.

You collected 79 gold pieces.

Inventory:

Hand Weapons
 a - a +2 dagger (weapon)
 b - a +0 blowgun
 q - a +0 short sword
Missiles
 e - 8 poisoned needles
 f - 2 curare-tipped needles
 h - 3 javelins (quivered)
 i - 42 sling bullets
Armour
 c - a +0 robe (worn)
 d - a +0 cloak (worn)
 r - a +0 leather armour
Jewellery
 l - an uncursed amulet of faith
Scrolls
 m - a scroll of identify
 n - a scroll of noise {unknown}
 o - a scroll of remove curse {unknown}
 p - a scroll of amnesia {unknown}
 s - a scroll of enchant armour {unknown}
Potions
 k - a potion of curing {unknown}
Comestibles
 g - 3 rations
 j - 9 chunks of flesh


   Skills:
 + Level 1.8 Fighting
 * Level 1.9 Short Blades
 + Level 1.7 Throwing
 * Level 1.0 Dodging
 * Level 6.1 Stealth


You had 2 spell levels left.
You didn't know any spells.
Your spell library was empty.

Dungeon Overview and Level Annotations

Branches:
Dungeon (2/15)

Altars:

Annotations:
D:2 Jessica


Innate Abilities, Weirdness & Mutations

You have extremely sharp teeth.
When hurt, damage is shared between your health and your magic reserves.
Your bite disrupts and absorbs the magic of your enemies.
Potions cannot restore your health.
You are immune to rotting.


Message History

You see here 7 poisoned javelins.
The gnoll barely misses you. The bat closely misses you.
Jessica shouts!
The bat barely misses you.
Jessica mumbles some strange words.
Jessica seems to speed up.
The bat barely misses you. The bat barely misses you. The bat misses you.
The bat hits you but does no damage. Jessica casts a spell at you.
You barely resist. The bat barely misses you. The bat closely misses you.
Jessica hits you with a +0 dagger.
* * * LOW HITPOINT WARNING * * *
The bat misses you. The bat hits you. The bat misses you.
The bat closely misses you. The bat hits you.
The bat hits you but does no damage. Jessica hits you with a +0 dagger.
You die...

.. .. #. ..#. ... .. .#.##
.. # .# ## .... .# #.
.##.+ ..# #.# #.# ... ###
#.# ..# ...##.# #b###.##.#
#....#########÷.......#
#..(.g....#..@@##...##
....####..#.#..####...####
#..# #...g..g.# #....÷.#
##. ........g..#
#....#.### # ...........##
#....#...######
.....#.#....#
###............
>....#.#......
#............
.....#.#....##
##+++######## #....# #


You could see 3 gnolls, Jessica and a bat.

Vanquished Creatures
  A dart slug (D:1)
  5 leopard geckos (D:1)
  A giant cockroach (D:1)
  7 goblins
  A hobgoblin (D:1)
  A kobold (D:1)
  4 bats (D:1)
  3 frilled lizards
23 creatures vanquished.

Vanquished Creatures (others)
  A rat (D:2)
1 creature vanquished.

Grand Total: 24 creatures vanquished

Notes
Turn   | Place    | Note
-------+----------+-------------------------------------------
     0 | D:1      | Foic the Vine Stalker Assassin began the quest for the Orb.
     0 | D:1      | Reached XP level 1. HP: 11/11 MP: 2/2
   108 | D:1      | Reached skill level 5 in Stealth
   253 | D:1      | Reached XP level 2. HP: 10/15 MP: 1/3
   736 | D:1      | Reached XP level 3. HP: 15/18 MP: 4/4
   739 | D:1      | Reached skill level 6 in Stealth
   749 | D:1      | Reached skill level 1 in Dodging
   946 | D:2      | Noticed Jessica
   966 | D:2      | Slain by Jessica

Skill      XL: |  1  2  3 |
---------------+----------+-----
Stealth        | 5 6 |  6.1
Dodging        | 1 |  1.0
Fighting       | |  1.8
Short Blades   | |  1.9
Throwing       | |  1.7

Action                   || total
-------------------------++-------
Melee: Dagger            ||    74
       Bite              ||    19
  Use: Scroll            ||     2
 Stab: Sleeping          ||     2
       Distracted        ||     1
Armor: Robe              ||    29
Dodge: Dodged            ||    65
